 Dungeon Crawl Stone Soup version 0.22.0 (webtiles) character file.

180 BigChef the Skirmisher (level 5, -1/42 HPs)
             Began as a Demonspawn Chaos Knight on Sept 3, 2018.
             Slain by an orc warrior
             ... wielding a cursed -2 battleaxe
              (15 damage)
             ... on level 4 of the Dungeon.
             The game lasted 00:05:28 (2888 turns).

BigChef the Skirmisher (Demonspawn Chaos Knight)    Turns: 2888, Time: 00:05:28

Health: -1/42      AC:  6    Str: 16    XL:     5   Next: 33%
Magic:  5/5        EV: 12    Int: 13    God:    Xom [..*...]
Gold:   240        SH:  0    Dex: 13    Spells: 4/4 levels left

rFire    . . .     SeeInvis .   a - +0 falchion (chaos)
rCold    . . .     Gourm    .   (no shield)
rNeg     . . .     Faith    .   b - +2 leather armour
rPois    .         Spirit   .   (helmet unavailable)
rElec    .         Reflect  .   (no cloak)
rCorr    .         Harm     .   h - +0 pair of gloves
MR       +....                  (no boots)
Stlth    +.........             (no amulet)
HPRegen  0.14/turn              e - +3 ring of strength
MPRegen  0.09/turn              k - ring of protection from magic

@: no status effects
A: horns 3
a: Renounce Religion


You were on level 4 of the Dungeon.
You worshipped Xom.
You were a toy of Xom.
You were not hungry.

You visited 1 branch of the dungeon, and saw 4 of its levels.

You collected 240 gold pieces.

Inventory:

Hand Weapons
 a - a +0 falchion of chaos (weapon)
Armour
 b - a +2 leather armour (worn)
 d - a +0 helmet
 h - a +0 pair of gloves (worn)
Jewellery
 e - a +3 ring of strength (left hand)
 g - an uncursed ring of protection from cold
 k - a ring of protection from magic (right hand)
 m - an uncursed ring of ice
Scrolls
 i - 2 scrolls of enchant armour
 j - a scroll of random uselessness
 l - 2 scrolls of identify
 o - 2 scrolls of teleportation
 q - a scroll of remove curse
Potions
 n - a potion of curing
 p - a potion of might
Comestibles
 c - 2 rations


   Skills:
 + Level 4.0 Fighting
 + Level 3.9 Long Blades
 + Level 2.5 Armour
 + Level 2.1 Dodging
 + Level 0.9 Stealth


You had 4 spell levels left.
You didn't know any spells.
Your spell library was empty.

Dungeon Overview and Level Annotations

Branches:
Dungeon (4/15)
 Temple: D:4-7

Altars:
Dithmenos
Kikubaaqudgha
Ru


Innate Abilities, Weirdness & Mutations

You have a pair of large horns on your head.


Message History

The orc warrior is moderately wounded.
The orc warrior hits you with a battleaxe!!
* * * LOW HITPOINT WARNING * * *
You hit the orc warrior but do no damage.
The orc warrior is moderately wounded.
The orc warrior closely misses you.
You hit the orc warrior.
You feel better.
You headbutt the orc warrior, but do no damage.
The orc warrior is moderately wounded.
The orc warrior misses you.
You riposte.
You hit the orc warrior. Your headbutt misses the orc warrior.
The orc warrior is heavily wounded.
You barely miss the orc warrior.
The orc warrior is heavily wounded.
You are now a toy of Xom.
You barely miss the orc warrior.
The orc warrior is heavily wounded.
The orc warrior hits you with a battleaxe!
You die...
Xom howls with laughter!

##....<.........####.. .
.>....#.#.......##...##.#
#####.#.#.......#..>..#.#
##.#......<..#.......
#..###)......#....o####.
#.## #.......##.o.......
#.# #.......# #.# #.#
###########.#
#.######.....@ooo#
#.†.†....#########
#.##†.......#
#.#.#.#..##.#
#..###...##.# #.##
##..##.# #..###..###.#
#...#...###.#
####.[......#


You could see an orc warrior and 2 orcs.

Vanquished Creatures
  An orc priest (D:4)
  6 adders
  A worm (D:2)
  2 dart slugs
  3 leopard geckos
  2 orcs
  A bat zombie (D:2)
  6 giant cockroaches
  13 goblins
  7 hobgoblins
  11 jackals
  7 kobolds
  A quokka (shapeshifter) (D:1)
  2 ball pythons
  8 bats
  2 frilled lizards
  6 rats
  A rat zombie (D:2)
80 creatures vanquished.

Notes
Turn   | Place    | Note
-------+----------+-------------------------------------------
     0 | D:1      | BigChef the Demonspawn Chaos Knight began the quest for the Orb.
     0 | D:1      | Reached XP level 1. HP: 18/18 MP: 1/1
   118 | D:1      | Gained mutation: You have a pair of small horns on your head. [demonic ancestry]
   118 | D:1      | Reached XP level 2. HP: 19/24 MP: 2/2
   127 | D:1      | XOM: harmless Summ miscast
   161 | D:1      | Reached skill level 1 in Dodging
   195 | D:1      | XOM: harmless Tloc miscast
   212 | D:1      | XOM: divination: magic mapping
   499 | D:1      | XOM: mild Erth miscast
   563 | D:1      | Gained mutation: You have a pair of horns on your head. [demonic ancestry]
   563 | D:1      | Reached XP level 3. HP: 25/29 MP: 3/3
   617 | D:1      | XOM: divination: magic mapping
   693 | D:1      | XOM: harmless Pois miscast
  1196 | D:2      | XOM: god gift: 34 gold pieces
  1582 | D:2      | Found an ancient bone altar of Kikubaaqudgha.
  1688 | D:2      | XOM: cast spell 'Chain of Chaos'
  1725 | D:2      | Reached XP level 4. HP: 21/37 MP: 4/4
  1966 | D:2      | XOM: 3-stop teleportation journey
  2421 | D:3      | XOM: mild Tmut miscast
  2494 | D:3      | Found a sacrificial altar of Ru.
  2656 | D:3      | Gained mutation: You have a pair of large horns on your head. [demonic ancestry]
  2656 | D:3      | Reached XP level 5. HP: 38/42 MP: 5/5
  2750 | D:3      | Found a shadowy altar of Dithmenos.
  2872 | D:4      | Noticed an orc warrior
  2882 | D:4      | Reached skill level 4 in Fighting
  2888 | D:4      | Slain by an orc warrior

Skill      XL: |  1  2  3  4  5 |
---------------+----------------+-----
Dodging        | 1 2 |  2.1
Long Blades    | 3 |  3.9
Armour         | 2 |  2.5
Fighting       | 4 |  4.0
Stealth        | |  0.9

Action                   |  1- 3 |  4- 6 || total
-------------------------+-------+-------++-------
Melee: Falchion          |   129 |    61 ||   190
       Headbutt          |    12 |    15 ||    27
  Use: Scroll            |     7 |     2 ||     9
       Potion            |     3 |     4 ||     7
 Stab: Petrifying        |     2 |       ||     2
  Eat: Chunk             |     3 |       ||     3
       Ration            |       |     1 ||     1
Armor: Leather armour    |    57 |    26 ||    83
Dodge: Dodged            |    94 |    34 ||   128
       Rpst.: Falchion   |    30 |     9 ||    39
